 Dungeon Crawl Stone Soup version 0.23.2-11-gf996548c65 (webtiles) character file.

Game seed: 12095408944206025621

1901 MalarOregon the Caller (level 9, -1/62 (71) HPs)
             Began as a Ghoul Summoner on June 4, 2019.
             Was a Follower of Makhleb.
             Shot with an arrow by a centaur (6 damage)
             ... on level 9 of the Dungeon.
             The game lasted 00:30:43 (10250 turns).

MalarOregon the Caller (Ghoul Summoner)            Turns: 10250, Time: 00:30:44

HP:   -1/62 (71)    AC:  5    Str: 12    XL:     9   Next: 15%
MP:   1/15          EV: 12    Int: 13    God:    Makhleb [*.....]
Gold: 539           SH:  0    Dex:  9    Spells: 6/18 levels left

rFire    . . .     SeeInvis .     - Unarmed
rCold    + . .     Gourm    .   (no shield)
rNeg     + + +     Faith    .   a - +0 robe
rPois    ∞         Spirit   .   A - +1 helmet
rElec    .         Reflect  .   (no cloak)
rCorr    +         Harm     .   (no gloves)
MR       .....                  n - +0 pair of boots
Stlth    ++........             (no amulet)
HPRegen  0.00/turn              i - ring of resist corrosion
MPRegen  0.14/turn              (no ring)

@: rotting
A: rotting body, claws 1, carnivore, cold resistance 1, negative energy
resistance 3, inhibited regeneration, torment resistance, unbreathing
a: Renounce Religion


You were on level 9 of the Dungeon.
You worshipped Makhleb.
Makhleb was aware of your devotion.
You were not hungry.

You visited 2 branches of the dungeon, and saw 10 of its levels.
You also visited: Ossuary.

You collected 539 gold pieces.

Inventory:

Missiles
 f - 2 throwing nets (quivered) {!f}
Armour
 a - a +0 robe (worn)
 n - a +0 pair of boots (worn)
   (You found it on level 6 of the Dungeon)
 A - a +1 helmet (worn)
   (You found it on level 7 of the Dungeon)
Jewellery
 i - a ring of resist corrosion (left claw)
   (You found it on level 1 of the Dungeon)
Wands
 k - a wand of polymorph (29)
   (You took it off Ijyb on level 3 of the Dungeon)
 v - a wand of digging (4)
   (You found it on level 8 of the Dungeon)
Scrolls
 b - 2 scrolls of teleportation {@r4}
 h - 2 scrolls of remove curse {@r2}
 p - a scroll of enchant weapon
 r - 2 scrolls of identify {@r1}
 t - 2 scrolls of enchant armour
Potions
 c - 3 potions of magic {unknown}
 d - 4 potions of might
 g - 2 potions of degeneration {unknown}
 j - 2 potions of heal wounds {unknown}
 l - 3 potions of agility {unknown}
 o - a potion of brilliance
 q - a potion of haste {unknown}
 s - 4 potions of mutation {unknown}
 u - a potion of lignification {unknown}
 w - a potion of flight {unknown}
 x - a potion of curing {unknown}
Comestibles
 e - 15 rations {!d}


   Skills:
 - Level 4.0 Fighting
 + Level 3.0 Dodging
 - Level 4.2 Stealth
 + Level 6.1 Unarmed Combat
 + Level 5.1 Spellcasting
 + Level 6.4 Summonings


You had 6 spell levels left.
You knew the following spells:

 Your Spells              Type           Power        Failure   Level  Hunger
a - Summon Small Mammal   Summ           ###.         1%          1    None
c - Call Canine Familiar  Summ           ###.....     3%          3    ###....
s - Sticks to Snakes      Tmut           #.......     28%         2    ##.....
x - Call Imp              Summ           ###.....     1%          2    ##.....
z - Summon Lightning Spi  Summ/Air       ##......     43%         4    ####...

Your spell library contained the following spells:

 Spells                   Type           Power        Failure   Level  Hunger
 Summon Guardian Golem    Hex/Summ       ##......     14%         3    ###....
 Corona                   Hex            #......      19%         1    None
 Ensorcelled Hibernation  Hex/Ice        #.....       28%         2    ##.....
 Summon Ice Beast         Ice/Summ       ##......     43%         4    ####...
 Confuse                  Hex            #.......     50%         3    ###....
 Dazzling Spray           Conj/Hex       #.....       50%         3    ###....
 Tukima's Dance           Hex            #.......     50%         3    ###....
 Beastly Appendage        Tmut           Unusable     N/A         1    N/A
 Spider Form              Tmut/Pois      Unusable     N/A         3    N/A
 Ice Form                 Ice/Tmut       Unusable     N/A         4    N/A
 Blade Hands              Tmut           Unusable     N/A         5    N/A

Dungeon Overview and Level Annotations

Branches:
Dungeon (9/15)             Temple (1/1) D:5
   Lair: D:8-11         Orc: D:9-12

Altars:
Ashenzari
Cheibriados
Dithmenos
Elyvilon
Fedhas
Gozag
Hepliaklqana
Kikubaaqudgha
Makhleb
Nemelex Xobeh
Okawaru
Qazlal
Ru
Sif Muna
Trog
Uskayaw
Vehumet
Wu Jian
Xom
Yredelemnul
Zin
The Shining One


Innate Abilities, Weirdness & Mutations

Your body is rotting away.
You thrive on raw meat.
You are immune to poison.
You have sharp fingernails.
You are carnivorous and can eat meat at any time.
Your flesh is cold resistant. (rC+)
You are immune to negative energy. (rN+++)
You do not regenerate when monsters are visible.
You are immune to unholy pain and torment.
You can survive without breathing.


Message History

A beastly little devil appears in a puff of flame.
Your crimson imp hits the orc warrior but does no damage.
The orc warrior hits your crimson imp but does no damage.
Your crimson imp barely misses the orc warrior.
The bullfrog hits your crimson imp.
The orc warrior hits your crimson imp with a +0 mace!!
Your crimson imp dies!
There is a stone staircase leading down here.
The bullfrog barely misses you. The bullfrog misses you.
You climb downwards.
Found a scale mail.
Found a stone staircase leading up.
There is a stone staircase leading up here.
The bullfrog hits you.
* * * LOW HITPOINT WARNING * * *
Found a granite ring.
The bullfrog hits your hound.
Your hound bites the bullfrog.
The bullfrog hits your hound.
A beastly little devil appears in a puff of frigid air.
Your hound closely misses the bullfrog.
The bullfrog closely misses your hound.
Your hound misses the bullfrog. The bullfrog closely misses your hound.
Your hound bites the bullfrog.
The bullfrog hits your hound.
Your hound misses the bullfrog. The bullfrog hits your hound.
Your hound dies!
Your hound's corpse disappears in a puff of smoke!
The bullfrog hits your white imp.
Your white imp gestures at the bullfrog.
The puff of frost hits the bullfrog!
The bullfrog hits your white imp.
Your white imp dies!
A beastly little devil appears in a puff of frigid air.
The bullfrog croaks.
You hear a shout!
The bullfrog hits you.
* * * LOW HITPOINT WARNING * * *
Your white imp gestures at the bullfrog.
The puff of frost hits the bullfrog!
The bullfrog dies!
Makhleb accepts your kill.
A centaur comes into view.
The centaur wields a +0 shortbow.
The centaur shoots an arrow.
The arrow barely misses you.
The centaur shoots an arrow.
The arrow completely misses you.
You see here 2 arrows.
The centaur shoots an arrow.
The arrow misses you.
Your white imp gestures at the centaur.
The puff of frost hits the centaur!
As you read the scroll of fog, it crumbles to dust.
The scroll dissolves into smoke.
The centaur shoots an arrow.
The arrow hits you.
You die...

...=....#
.........#
.........+
.........#
.........#
.......[.#########+
...........§.......
........§§§........
<......§§@§§.......
#######.§§§........
....§...........
.c.....5.........
.................
.......####+#####
.......# ........#
......


You could see a centaur and a friendly white imp.

Vanquished Creatures
  Menkaure (Ossuary)
  A necrophage (D:8)
  A phantom (D:5)
  2 ogres
  2 centaurs
  An elf zombie (Ossuary)
  A bullfrog (D:6)
  2 scorpions
  An electric eel (D:6)
  3 centaur zombies (Ossuary)
  5 hounds
  An orc wizard (D:3)
  An orc priest (D:3)
  An iguana (D:2)
  Ijyb (D:3)
  A killer bee zombie (D:5)
  An ogre zombie (Ossuary)
  A hound skeleton (D:7)
  5 mummies
  An adder (D:7)
  2 gnolls (D:5)
  2 oozes
  6 adder zombies
  2 worms
  A dart slug (D:1)
  2 leopard geckos
  10 orcs
  6 giant cockroaches
  4 goblins
  7 hobgoblins
  4 jackals (D:2)
  4 quokkas
  10 bats
  4 frilled lizards
  4 goblin zombies
  5 hobgoblin zombies
  A jackal skeleton (D:5)
  4 kobolds
  6 kobold zombies (Ossuary)
  A leopard gecko skeleton (D:4)
  3 quokka zombies
  8 rats
  4 rat zombies (Ossuary)
133 creatures vanquished.

Vanquished Creatures (collateral kills)
  An ice beast (D:5)
  An orc warrior (D:6)
  A sky beast (D:2)
  A phantom (D:5)
  2 bullfrogs
  An electric eel (D:6)
  A crimson imp (D:5)
  A hound (D:5)
  3 orc wizards
  A gnoll shaman (D:5)
  Terence (D:2)
  An iguana (D:5)
  2 worker ants (D:5)
  Natasha (D:2)
  An ogre zombie (Ossuary)
  2 mummies (Ossuary)
  A gnoll (D:5)
  An adder (D:2)
  A worm (D:2)
  2 dart slugs (D:2)
  7 orcs
  A giant cockroach (D:5)
  A goblin (D:2)
  3 hobgoblins
  3 jackals (D:2)
  A bat (D:3)
42 creatures vanquished.

Grand Total: 175 creatures vanquished

Notes
Turn   | Place    | Note
-------+----------+-------------------------------------------
     0 | D:1      | MalarOregon the Ghoul Summoner began the quest for the Orb.
     0 | D:1      | Reached XP level 1. HP: 14/14 MP: 2/2
   320 | D:1      | Reached XP level 2. HP: 20/20 MP: 0/3
   588 | D:1      | Reached skill level 1 in Unarmed Combat
   980 | D:1      | Reached XP level 3. HP: 5/26 MP: 2/5
  1320 | D:1      | Learned a level 2 spell: Call Imp
  1621 | D:2      | Noticed Natasha
  1627 | D:2      | Killed Natasha
  1675 | D:2      | Noticed a sky beast
  1747 | D:2      | Killed a sky beast
  1747 | D:2      | Reached XP level 4. HP: 6/33 MP: 0/6
  2156 | D:2      | Reached XP level 5. HP: 30/38 MP: 7/7
  2350 | D:2      | Noticed Terence
  2373 | D:2      | Killed Terence
  2904 | D:3      | Found an opulent altar of Gozag.
  3161 | D:3      | Noticed Ijyb
  3179 | D:3      | Killed Ijyb
  3253 | D:3      | Reached XP level 6. HP: 45/45 MP: 9/9
  3384 | D:3      | Noticed a water elemental
  3387 | D:3      | Found a stormy altar of Qazlal.
  3388 | D:3      | Noticed a fire elemental
  3388 | D:3      | Noticed an air elemental
  4536 | D:4      | Found a white marble altar of Elyvilon.
  4815 | D:5      | Entered Level 5 of the Dungeon
  4815 | D:5      | Found a staircase to the Ecumenical Temple.
  4823 | Temple   | Entered the Ecumenical Temple
  5037 | D:5      | Reached skill level 1 in Fighting
  5098 | D:5      | Reached XP level 7. HP: 52/52 MP: 5/11
  5141 | D:5      | Reached skill level 5 in Summonings
  5398 | D:5      | Learned a level 3 spell: Call Canine Familiar
  5408 | D:5      | Learned a level 4 spell: Summon Lightning Spire
  6303 | D:5      | Reached XP level 8. HP: 18/62 MP: 8/13
  6776 | D:5      | Learned a level 2 spell: Sticks to Snakes
  7207 | D:6      | Reached skill level 5 in Unarmed Combat
  8041 | D:7      | Found an ancient bone altar of Kikubaaqudgha.
  8050 | D:7      | Found a hide-covered altar of Uskayaw.
  8119 | D:7      | Found a burning altar of Makhleb.
  8127 | D:7      | Became a worshipper of Makhleb the Destroyer
  8186 | D:7      | Found a sand-covered staircase.
  8199 | Ossuary  | Entered an ossuary
  8274 | Ossuary  | Noticed Menkaure
  8544 | Ossuary  | Reached * piety under Makhleb
  9163 | Ossuary  | Killed Menkaure
  9278 | Ossuary  | Reached XP level 9. HP: 58/66 MP: 15/15
  9307 | Ossuary  | Reached skill level 5 in Spellcasting
  9624 | D:7      | Found an opulent altar of Gozag.
  9930 | D:8      | Identified a scroll of acquirement
 10061 | D:8      | Found a shimmering altar of Xom.
 10250 | D:9      | Shot with an arrow by a centaur

Skill      XL: |  1  2  3  4  5  6  7  8  9 |
---------------+----------------------------+-----
Spellcasting   | 2 3 4 5 |  5.1
Unarmed Combat | 1 2 3 4 5 6 |  6.1
Stealth        | 3 4 |  4.2
Summonings     | 4 5 6 |  6.4
Fighting       | 1 3 4 |  4.0
Dodging        | 2 3 |  3.0

Action                   |  1- 3 |  4- 6 |  7- 9 || total
-------------------------+-------+-------+-------++-------
Melee: Unarmed           |   104 |   206 |   372 ||   682
       Punch             |       |     3 |    11 ||    14
 Cast: Summon Small Mamm |    10 |       |       ||    10
       Call Imp          |     9 |    24 |    23 ||    56
       Call Canine Famil |       |       |    29 ||    29
  Use: Scroll            |     4 |     2 |    10 ||    16
 Stab: Sleeping          |     3 |     4 |    16 ||    23
       Distracted        |       |     1 |     2 ||     3
  Eat: Chunk             |     5 |    24 |    25 ||    54
       Ration            |       |       |     1 ||     1
Armor: Robe              |    22 |    27 |    45 ||    94
Dodge: Dodged            |    69 |   128 |   182 ||   379
